 Dungeon Crawl Stone Soup version 0.31-a0-236-g9a0961fb85 (webtiles) character file.

Game seed: 13630363364169039968

110 qw the Shooter (level 4, -1/36 HPs)
             Began as a Minotaur Hexslinger on July 9, 2023.
             Slain by a steam dragon (6 damage)
             ... on level 6 of the Dungeon.
             The game lasted 00:00:39 (1390 turns).

qw the Shooter (Minotaur Hexslinger)                Turns: 1390, Time: 00:00:40

Health: -1/36      AC:  4    Str:  9 (12) XL:     4   Next: 61%
Magic:  4/4        EV: 12    Int:  9 (10) God:
Gold:   85         SH:  0    Dex: 15      Spells: 4/5 levels left

rFire   . . .        Y - +4 sling
rCold   . . .        (no shield)
rNeg    . . .        a - +0 leather armour
rPois   .            (helmet restricted)
rElec   .            (no cloak)
rCorr   .            e - +0 pair of gloves
SInv    .            (no boots)
Will    .....        (no amulet)
Stlth   +            (no ring)
HPRegen 0.26/turn    (no ring)
MPRegen 0.09/turn

%: no passive effects
@: no status effects
A: horns 2, retaliatory headbutt
a: no special abilities


You were on level 6 of the Dungeon.
You visited 1 branch of the dungeon, and saw 4 of its levels.

You collected 173 gold pieces.
You spent 88 gold pieces at shops.


Innate Abilities, Weirdness & Mutations

You have a pair of horns on your head.
You reflexively headbutt those who attack you in melee.


   Skills:
 + Level 2.2 Fighting
 - Level 5.1 Ranged Weapons
 - Level 2.1 Dodging
 - Level 1.0 Spellcasting
 - Level 2.0 Hexes


You had 4 spell levels left.
You knew the following spells:

 Your Spells              Type           Power      Damage    Failure   Level
a - Slow                  Hex            16%        N/A       22%         1

Your spell library contained the following spells:

 Spells                   Type           Power      Damage    Failure   Level
 Inner Flame              Hex/Fire       2%         N/A       71%         3
 Portal Projectile        Hex/Tloc       4%         N/A       71%         3
 Cause Fear               Hex            2%         N/A       92%         4

Inventory:

Hand Weapons
 Y - a +4 sling (weapon)
Armour
 a - a +0 leather armour (worn)
 e - a +0 pair of gloves (worn)
Scrolls
 b - a scroll of identify
Potions
 d - a potion of invisibility {unknown}
 f - a potion of resistance {unknown}
 i - 2 potions of curing

Dungeon Overview and Level Annotations

Branches:
Dungeon (3/15)

Altars:
Yredelemnul

Shops:
D:2 *!:

Annotations:
D:3 1 runed translucent door


Message History

The sling bullet hits the steam dragon.
The steam dragon is lightly wounded.
You shoot a sling bullet. The sling bullet hits the steam dragon!
The steam dragon is moderately wounded.
The steam dragon breathes steam at you. The ball of steam hits you!!
Ouch! That really hurt!
1379 ||| Stepping ~*~*~tactically~*~*~ (cloud).
You start resting.
A steam dragon is nearby!
You shoot a sling bullet.
The sling bullet barely misses the steam dragon.
You shoot a sling bullet. The sling bullet hits the steam dragon!
The steam dragon is severely wounded.
You shoot a sling bullet.
The sling bullet closely misses the steam dragon.
The steam dragon bites you. The steam dragon barely misses you.
The steam dragon bites you.
The steam dragon claws you but does no damage.
1386 ||| DRINKING potion of heal wounds.
You feel much better. The steam dragon barely misses you.
You furiously retaliate!
You headbutt the steam dragon! The steam dragon closely misses you.
You shoot a sling bullet. The sling bullet hits the steam dragon.
The steam dragon is almost dead.
The steam dragon bites you.
The steam dragon claws you but does no damage.
You shoot a sling bullet.
The sling bullet barely misses the steam dragon.
The steam dragon breathes steam at you. The ball of steam hits you!
You shoot a sling bullet. The sling bullet hits the steam dragon.
The steam dragon is almost dead.
You are engulfed in a cloud of scalding steam.
The steam dragon misses you. The steam dragon barely misses you.
You shoot a sling bullet.
The sling bullet barely misses the steam dragon.
You are engulfed in a cloud of scalding steam.
The steam dragon bites you.
You die...

##### #...#
###########.#.#
............#.#
#############.#
.......D@¤.¤..#
##.#.##########


You could see a steam dragon (catching breath).

Vanquished Creatures
  Ijyb (D:3)
  Robin (D:2)
  An adder (D:2)
  2 dart slugs (D:2)
  An orc (D:3)
  2 bats (D:2)
  4 endoplasms
  A giant cockroach (D:2)
  14 goblins
  12 hobgoblins
  2 jackals (D:2)
  2 kobolds
  2 quokkas
  A ball python (D:1)
  2 frilled lizards
  A goblin zombie (D:3)
  A rat (D:2)
50 creatures vanquished.

Notes
Turn   | Place    | Note
-------+----------+-------------------------------------------
     0 | D:1      | qw the Minotaur Hexslinger began the quest for the Orb.
     0 | D:1      | Reached XP level 1. HP: 16/16 MP: 1/1
     0 | D:1      | 0 ||| qw: Version: 0.3-a-51-g015441d
     0 | D:1      | 0 ||| qw: Game counter: 4417
     0 | D:1      | 0 ||| qw: Melee chars always use a shield: true
     0 | D:1      | 0 ||| qw: God list: Okawaru
     0 | D:1      | 0 ||| qw: Allow faded altars: false
     0 | D:1      | 0 ||| qw: Do Orc after clearing Dungeon:15 true
     0 | D:1      | 0 ||| qw: Do second Lair branch before Depths: true
     0 | D:1      | 0 ||| qw: Lair rune preference: random
     0 | D:1      | 0 ||| qw: Goals: Normal
     0 | D:1      | 0 ||| PLANNING D:1-11
   170 | D:1      | Reached skill level 3 in Ranged Weapons
   180 | D:1      | Reached XP level 2. HP: 23/23 MP: 2/2
   368 | D:1      | 368 ||| READING scroll labelled KEHATI HOZXEPPURPHU.
   369 | D:1      | 369 ||| READING scroll labelled ZIOTHUEXZA.
   373 | D:1      | 373 ||| READING scroll labelled ASIFUN ZOIF.
   374 | D:1      | 374 ||| READING scroll labelled SAATAPI MAVU.
   375 | D:1      | 375 ||| DROPPING scroll of poison.
   497 | D:2      | Noticed Robin
   505 | D:2      | Reached XP level 3. HP: 13/29 MP: 3/3
   509 | D:2      | HP: 5/29 [goblin/+0 dagger[Robin] (4)]
   510 | D:2      | 510 ||| READING scroll of teleportation.
   511 | D:2      | Killed Robin
   512 | D:2      | HP: 2/29 [goblin/+2 dagger of draining[Robin] (3)]
   513 | D:2      | Reached skill level 4 in Ranged Weapons
   661 | D:2      | Found Bakeynowk's Assorted Antiques.
   664 | D:2      | 664 ||| READING scroll of enchant weapon.
   664 | D:2      | 664 ||| ENCHANTING +2 sling.
   672 | D:2      | 672 ||| BUYING blue potion (26 gold).
   672 | D:2      | Bought a blue potion for 26 gold pieces
   672 | D:2      | 672 ||| SHOPLISTING ivory ring (145 gold, have 36).
   672 | D:2      | 672 ||| SHOPLISTING leather armour (58 gold, have 36).
   672 | D:2      | 672 ||| BUYING scroll labelled BAUGACLON GUOS (29 gold).
   672 | D:2      | Bought a scroll labelled BAUGACLON GUOS for 29 gold pieces
   672 | D:2      | 672 ||| SHOPLISTING scroll labelled NUMERU QIERA EBO (29
                  | gold, have 7).
   787 | D:2      | Reached XP level 4. HP: 32/36 MP: 4/4
   905 | D:2      | Found Fam Con's Distillery.
   911 | D:2      | 911 ||| BUYING potion of curing (33 gold).
   911 | D:2      | Bought a potion of curing for 33 gold pieces
   911 | D:2      | 911 ||| SHOPLISTING potion of curing (33 gold, have 9).
   911 | D:2      | 911 ||| SHOPLISTING potion of heal wounds (55 gold, have
                  | 9).
   914 | D:2      | Found Miopy's Book Shoppe.
  1007 | D:2      | 1007 ||| UPGRADING to +0 pair of gloves.
  1012 | D:2      | 1012 ||| READING scroll labelled NUMERU QIERA EBO.
  1013 | D:2      | 1013 ||| READING scroll labelled BAUGACLON GUOS.
  1014 | D:2      | 1014 ||| READING scroll labelled OLONIPHUKUSK.
  1015 | D:2      | 1015 ||| DRINKING 2 blue potions.
  1016 | D:2      | 1016 ||| DRINKING 2 green potions.
  1017 | D:2      | 1017 ||| DROPPING potion of degeneration.
  1044 | D:3      | 1044 ||| PLANNING SEWER
  1156 | D:3      | 1156 ||| READING scroll of enchant weapon.
  1156 | D:3      | 1156 ||| ENCHANTING +3 sling.
  1194 | D:3      | Noticed Ijyb
  1211 | D:3      | Killed Ijyb
  1212 | D:3      | Reached skill level 5 in Ranged Weapons
  1287 | D:3      | Found a runed translucent door.
  1287 | D:3      | Noticed a human
  1292 | D:3      | 1292 ||| UPGRADING to +0 leather armour.
  1304 | D:3      | 1304 ||| DROPPING +0 robe.
  1306 | D:3      | Found a basalt altar of Yredelemnul.
  1360 | D:3      | You fall into a shaft and drop 3 floors!
  1376 | D:6      | Noticed a steam dragon
  1379 | D:6      | 1379 ||| Stepping ~*~*~tactically~*~*~ (cloud).
  1385 | D:6      | HP: 6/36 [steam dragon (6)]
  1385 | D:6      | HP: 1/36 [steam dragon (5)]
  1386 | D:6      | 1386 ||| DRINKING potion of heal wounds.
  1390 | D:6      | HP: 5/36 [steam dragon] (5)]
  1390 | D:6      | Slain by a steam dragon

Levels and vault maps discovered:
D:1:      nzn_arrival_water_spiral, layout_basic
D:2:      layout_basic, serial_shops, nicolae_shop_overgrown_old_shop,
          nicolae_shop_getting_attention, shop, uniq_robin
D:3:      layout_loops_ring, mainiacjoe_overflow_alcove_1,
          mainiacjoe_overflow_tiny_flanked, mainiacjoe_overflow_brackets,
          dk_yredelemnul_ordeal, cheibrodos_sewer_entry_bend,
          basic_ecumenical_altar, hangedman_decor_opposing, uniq_ijyb
D:6:      layout_basic, mainiacjoe_overflow_24_doors, temple_green

Skill      XL: |  1  2  3  4 |
---------------+-------------+-----
Ranged Weapons | 3 4 5 |  5.1
Fighting       | 2 |  2.2
Dodging        | |  2.1
Spellcasting   | |  1.0
Hexes          | |  2.0

Action                     |  1- 3 |  4- 6 || total
---------------------------+-------+-------++-------
   Fire: Sling             |    91 |    45 ||   136
    Use: Scroll            |     6 |     4 ||    10
         Potion            |       |     3 ||     3
 Armour: Robe              |     2 |     2 ||     4
         Leather armour    |       |     2 ||     2
  Dodge: Dodged            |    19 |    14 ||    33

Table legend:
 A = Non-vault XP
 B = Vault XP
 C = Vault XP percentage of total XP
 D = Non-vault monster count
 E = Vault monster count
 F = Vault count percentage of total count
                 A         B        C        D         E       F
            +---------+---------+-------+---------+---------+-------
      Total |      82 |      76 |  48.1 |      36 |      14 |  28.0
            +---------+---------+-------+---------+---------+-------
        D:1 |      19 |       0 |   0.0 |      10 |       0 |   0.0
        D:2 |      50 |      36 |  41.9 |      19 |      12 |  38.7
        D:3 |      13 |      40 |  75.5 |       7 |       2 |  22.2
            +---------+---------+-------+---------+---------+-------
